 Dungeon Crawl Stone Soup version 0.20.1-1-g8b1a95d (webtiles) character file.

86 jmlagarto the Skirmisher (level 4, -1/37 HPs)
             Began as a Formicid Chaos Knight on Sept 17, 2017.
             Killed by nerve-wracking pain
             ... invoked by Grinder
              (12 damage)
             ... on level 3 of the Dungeon.
             The game lasted 00:02:14 (1551 turns).

jmlagarto the Skirmisher (Formicid Chaos Knight)    Turns: 1551, Time: 00:02:15

Health: -1/37      AC:  5    Str: 18    XL:     4   Next: 78%
Magic:  4/4        EV: 11    Int: 11    God:    Xom [..*...]
Gold:   76         SH:  0    Dex: 10    Spells: 3/3 levels left

rFire    . . .     SeeInvis +   a - +0 hand axe (chaos)
rCold    . . .     Gourm    .   (no shield)
rNeg     . . .     Faith    .   b - +2 leather armour
rPois    .         Spirit   .   (helmet unavailable)
rElec    .         Reflect  .   (no cloak)
rCorr    .         Harm     .   (no gloves)
MR       .....                  (no boots)
Stlth    +.........             (no amulet)
Regen    0.2/turn               (no ring)
MPRegen  0.1/turn               (no ring)

@: no status effects
A: permanent stasis, dig shafts and tunnels, four strong arms, antennae 3
a: Dig, Shaft Self, Renounce Religion


You were on level 3 of the Dungeon.
You worshipped Xom.
You were a toy of Xom.
You were not hungry.

You visited 1 branch of the dungeon, and saw 3 of its levels.

You collected 76 gold pieces.

Inventory:

Hand Weapons
 a - a +0 hand axe of chaos (weapon)
 l - a cursed -3 dagger
Armour
 b - a +2 leather armour (worn)
Scrolls
 d - 2 scrolls of identify {unknown}
 e - 3 scrolls of recharging {unknown}
 f - a scroll of fear {unknown}
 h - a scroll of enchant weapon {unknown}
 k - a scroll of noise {unknown}
 m - a scroll of enchant armour {unknown}
 n - 2 scrolls of remove curse {unknown}
Potions
 g - a potion of degeneration {unknown}
 i - 2 potions of heal wounds {unknown}
 j - 2 potions of agility {unknown}
 o - 3 potions of lignification {unknown}
 q - 2 potions of curing {unknown}
Comestibles
 c - 3 bread rations
 p - a meat ration


   Skills:
 + Level 4.0 Fighting
 + Level 3.8 Axes
 + Level 2.9 Armour
 + Level 1.5 Dodging
 + Level 1.3 Stealth


You had 3 spell levels left.
You didn't know any spells.

Dungeon Overview and Level Annotations

Branches:
Dungeon (3/15)

Altars:
Elyvilon
Nemelex Xobeh

Annotations:
D:3 Grinder


Innate Abilities, Weirdness & Mutations

You cannot be hasted, slowed, berserked, paralysed or teleported.
You can dig through walls and to a lower floor.
Your four strong arms can wield two-handed weapons with a shield.
You have a pair of large antennae on your head. (SInv)


Message History

No target in view!
Unknown command.
No target in view!
Grinder blinks!
Xom's attention almost turns to you for a moment.
The air around you burns with energy! Grinder hits you!
You writhe in agony.
You closely miss Grinder. Grinder gestures at you.
Pain shoots through your body!
* * * LOW HITPOINT WARNING * * *
You are too injured to fight recklessly!
You are too injured to fight recklessly!
You are too injured to fight recklessly!
You are too injured to fight recklessly!
You hit Grinder but do no damage. Grinder gestures at you.
Pain shoots through your body!
You die...
Xom thinks this is hilarious!

.. ..
#.
#.##
#...
#..#
#.5#
#.@###
#....#
##.#†#
#.#.#
#.#.#
#.#<#{
#.###
#..
###


You could see Grinder.

Vanquished Creatures
  5 adders (D:2)
  An ooze (D:1)
  A dart slug (D:1)
  A leopard gecko (D:2)
  A ball python (D:2)
  2 giant cockroaches
  2 hobgoblins
  6 jackals
  6 kobolds
  3 bats
  3 frilled lizards (D:1)
  3 goblins
  3 rats
37 creatures vanquished.

Notes
Turn   | Place    | Note
-------+----------+-------------------------------------------
     0 | D:1      | jmlagarto the Formicid Chaos Knight began the quest for the Orb.
     0 | D:1      | Reached XP level 1. HP: 18/18 MP: 1/1
   193 | D:1      | XOM: harmless Conj miscast
   240 | D:1      | Reached XP level 2. HP: 19/24 MP: 2/2
   385 | D:1      | XOM: potion effect (invisibility)
   403 | D:1      | XOM: divination: detect creatures
   416 | D:1      | Reached skill level 1 in Dodging
   504 | D:1      | Reached XP level 3. HP: 30/30 MP: 3/3
   739 | D:1      | Found a sparkling altar of Nemelex Xobeh.
   946 | D:2      | XOM: potion effect (invisibility)
   980 | D:2      | Reached skill level 4 in Fighting
   980 | D:2      | Reached XP level 4. HP: 26/37 MP: 4/4
  1155 | D:2      | Reached skill level 1 in Stealth
  1225 | D:2      | XOM: harmless Conj miscast
  1306 | D:2      | Found a white marble altar of Elyvilon.
  1310 | D:2      | XOM: mild Chrm miscast
  1539 | D:3      | Noticed Grinder
  1548 | D:3      | XOM: harmless Fire miscast
  1551 | D:3      | Killed from afar by Grinder

Skill      XL: |  1  2  3  4 |
---------------+-------------+-----
Dodging        | 1 |  1.5
Fighting       | 4 |  4.0
Stealth        | 1 |  1.3
Axes           | |  3.8
Armour         | |  2.9

Action                   |  1- 3 |  4- 6 || total
-------------------------+-------+-------++-------
Melee: Hand axe          |    70 |    51 ||   121
 Stab: Invisible         |     5 |     3 ||     8
  Eat: Royal jelly       |       |     2 ||     2
Armor: Leather armour    |    27 |    25 ||    52
Dodge: Dodged            |    49 |    44 ||    93
